 Dungeon Crawl Stone Soup version 0.28.0-47-ge53b351184 (webtiles) character file.

Game seed: 5233525598823841097

2195 Bruhh the Fighter (level 9, -3/100 HPs)
             Began as an Ogre Earth Elementalist on Apr 27, 2022.
             Slain by a sky beast (5 damage)
             ... on level 7 of the Dungeon.
             The game lasted 00:18:30 (10850 turns).

Bruhh the Fighter (Ogre Earth Elementalist)        Turns: 10850, Time: 00:18:34

Health: -3/100     AC:  3    Str: 14    XL:     9   Next: 34%
Magic:  21/21      EV: 13    Int: 20    God:
Gold:   384        SH:  0    Dex:  9    Spells: 20/24 levels left

rFire   . . .      SeeInvis .   u - +4 flail of Equilibrium {vorpal, Fly rPois rN+}
rCold   . . .      Faith    .   (no shield)
rNeg    + . .      Spirit   .   b - +0 robe
rPois   +          Reflect  .   (helmet restricted)
rElec   .          Harm     .   (no cloak)
rCorr   .          Rampage  .   (gloves unavailable)
Will    +....                   (boots unavailable)
Stlth   +.........              (no amulet)
HPRegen 0.26/turn               m - ring of willpower
MPRegen 0.17/turn               s - +4 ring of evasion

@: mighty, flying
A: large, unfitting armour, tough skin 1
a: no special abilities


You were on level 7 of the Dungeon.
You visited 1 branch of the dungeon, and saw 7 of its levels.

You collected 384 gold pieces.

Inventory:

Hand Weapons
 i - a +2 dagger of draining
 u - the +4 flail of Equilibrium (weapon) {vorpal, Fly rPois rN+}
   (You found it on level 6 of the Dungeon)

   It inflicts extra damage upon your enemies.
   rPois:     It protects you from poison.
   rN:        It protects you from negative energy.
   Fly:       It grants you flight.
Missiles
 r - 2 throwing nets
 y - 5 stones
Armour
 b - a +0 robe (worn)
Jewellery
 a - a ring of fire
 d - an amulet of guardian spirit
 m - a ring of willpower (left hand)
 s - a +4 ring of evasion (right hand)
Scrolls
 c - a scroll of teleportation {unknown}
 e - a scroll of brand weapon {unknown}
 f - a scroll of fear {unknown}
 g - 5 scrolls of identify {unknown}
 h - a scroll of vulnerability {unknown}
 k - 2 scrolls of enchant weapon {unknown}
 p - a scroll of enchant armour {unknown}
 v - 2 scrolls of immolation {unknown}
 x - a scroll of noise {unknown}
Potions
 l - 3 potions of mutation {unknown}
 n - a potion of attraction {unknown}
 o - a potion of curing
 q - a potion of lignification {unknown}
 t - a potion of might


   Skills:
 + Level 9.5 Fighting
 - Level 1.7 Dodging
 - Level 1.4 Stealth
 - Level 8.0 Spellcasting
 - Level 2.0 Conjurations
 - Level 2.0 Transmutations
 - Level 6.0 Earth Magic


You had 20 spell levels left.
You knew the following spells:

 Your Spells              Type           Power      Damage    Failure   Level
a - Sandblast             Erth           64%        2d14      1%          1
b - Stone Arrow           Conj/Erth      48%        3d10      4%          3

Your spell library contained the following spells:

 Spells                   Type           Power      Damage    Failure   Level
 Passwall                 Tmut/Erth      20%        N/A       2%          2
 Sting                    Tmut/Pois      48%        1d5       5%          1
 Wereblood                Tmut           16%        N/A       5%          2
 Slow                     Hex            32%        N/A       9%          1
 Summon Small Mammal      Summ           32%        N/A       9%          1
 Poisonous Vapours        Pois/Air       16%        N/A       13%         2
 Sublimation of Blood     Necr           8%         N/A       13%         2
 Petrify                  Tmut/Erth      24%        N/A       16%         4
 Call Canine Familiar     Summ           8%         N/A       26%         3
 Confusing Touch          Hex            8%         N/A       26%         3
 Summon Guardian Golem    Hex/Summ       8%         N/A       26%         3
 Vampiric Draining        Necr           8%         2d6       26%         3
 Olgreb's Toxic Radiance  Pois           8%         N/A       63%         4
 Summon Hydra             Summ           4%         N/A       100%        7


Dungeon Overview and Level Annotations

Branches:
Dungeon (7/15)             Temple (0/1) D:6

Altars:
The Shining One

Shops:
D:6 (

Annotations:
D:5 1 runed translucent door, lasso's ghost, novice OpSu


Innate Abilities, Weirdness & Mutations

You are too large for most types of armour.
You have tough skin. (AC +1)


Message History

You hear a croak.
You sock something!
The howler monkey completely misses you.
Something hits you. Something shocks you. The goblin barely misses you.
The howler monkey hits you.
You sock something! Something hits you but does no damage.
The goblin hits you but does no damage.
The howler monkey hits you but does no damage.
You miss something. The howler monkey hits you.
* * * LOW HITPOINT WARNING * * *
Something hits you.
* * * LOW HITPOINT WARNING * * *
Something shocks you.
* * * LOW HITPOINT WARNING * * *
The goblin hits you from afar with a +0 spear.
* * * LOW HITPOINT WARNING * * *
The howler monkey hits you but does no damage.
The goblin hits you from afar with a +0 spear.
* * * LOW HITPOINT WARNING * * *
Something hits you.
* * * LOW HITPOINT WARNING * * *
Something shocks you.
* * * LOW HITPOINT WARNING * * *
It was a potion of flight.
You feel more buoyant.
The howler monkey hits you but does no damage.
Something hits you.
* * * LOW HITPOINT WARNING * * *
Something shocks you.
* * * LOW HITPOINT WARNING * * *
The goblin closely misses you.
Unknown command.
It was a potion of magic.
Magic courses through your body.
The howler monkey completely misses you.
A sky beast appears from thin air!
Reactivating autopickup.
The sky beast hits you.
* * * LOW HITPOINT WARNING * * *
The sky beast shocks you.
You die...

...#.#..#.#.# ### ##
#.#......# #..
#.#....<.# #.#
#...####.# #
######.# #........#
..#......###
#.#####....
...:.....g.# #.# ##
≈≈≈≈≈≈≈..#{#######.#
#####≈.h#gggh@Y...#
#g..###########
.g≈)## ...#≈.#
#####≈.. ≈{.. .....
...#..


You could see a sky beast, a howler monkey and 3 goblins.

Vanquished Creatures
  Pikel (D:5)
  A water moccasin (D:3)
  2 black bears (D:5)
  An ogre (D:4)
  A centaur (D:6)
  2 lemures (D:5)
  A kobold brigand (D:6)
  A gnoll sergeant (D:4)
  2 scorpions
  2 howler monkeys
  2 bullfrog zombies (D:5)
  A jelly (D:6)
  2 orc priests
  6 hounds
  Jessica (D:2)
  An iguana (D:6)
  5 orc wizards
  A howler monkey zombie (D:5)
  6 adders
  27 gnolls
  2 white imps (D:6)
  An ufetubus (D:5)
  An adder zombie (D:5)
  2 worms (D:3)
  3 dart slugs
  21 orcs
  7 ball pythons
  3 bats
  7 endoplasms
  A giant cockroach (D:4)
  3 goblins
  8 hobgoblins
  13 jackals (D:5)
  3 quokkas
  3 frilled lizards
  10 kobolds
  4 rats
158 creatures vanquished.

Vanquished Creatures (others)
  An orc wizard (D:7)
  17 fungi (D:4)
18 creatures vanquished.

Grand Total: 176 creatures vanquished

Notes
Turn   | Place    | Note
-------+----------+-------------------------------------------
     0 | D:1      | Bruhh the Ogre Earth Elementalist began the quest for the
                  | Orb.
     0 | D:1      | Reached XP level 1. HP: 16/16 MP: 3/3
   130 | D:1      | Reached XP level 2. HP: 24/24 MP: 1/6
   758 | D:2      | Reached XP level 3. HP: 8/31 MP: 4/8
  1566 | D:2      | Reached XP level 4. HP: 39/39 MP: 7/10
  1802 | D:2      | Noticed Jessica
  1809 | D:2      | Killed Jessica
  1810 | D:2      | Reached skill level 5 in Spellcasting
  1810 | D:2      | Reached skill level 1 in Transmutations
  2185 | D:3      | Noticed a water moccasin
  2191 | D:3      | Killed a water moccasin
  2192 | D:3      | Reached XP level 5. HP: 43/45 MP: 6/12
  2327 | D:3      | Reached XP level 6. HP: 52/53 MP: 9/13
  5254 | D:4      | Reached skill level 5 in Earth Magic
  5732 | D:3      | Learned a level 3 spell: Stone Arrow
  6132 | D:4      | Reached XP level 7. HP: 41/59 MP: 10/14
  6253 | D:4      | Reached skill level 1 in Conjurations
  7005 | D:5      | Entered Level 5 of the Dungeon
  7354 | D:5      | Reached XP level 8. HP: 67/67 MP: 10/17
  7735 | D:5      | Found a runed translucent door.
  7737 | D:5      | Noticed lasso's ghost (novice OpSu)
  8591 | D:4      | Reached skill level 1 in Fighting
  8715 | D:5      | Noticed Pikel
  8764 | D:5      | Killed Pikel
  8765 | D:5      | Reached skill level 6 in Fighting
  9123 | D:5      | Reached XP level 9. HP: 92/92 MP: 17/21
  9171 | D:5      | Reached skill level 7 in Fighting
 10008 | D:6      | Reached skill level 8 in Fighting
 10243 | D:6      | Identified the +4 flail of Equilibrium {vorpal, Fly rPois
                  | rN+}
 10251 | D:6      | Found Zeinkiu's Weapon Shoppe.
 10422 | D:6      | Found a glowing golden altar of the Shining One.
 10439 | D:6      | Found a staircase to the Ecumenical Temple.
 10596 | D:6      | Reached skill level 9 in Fighting
 10850 | D:7      | HP: 2/100 [sky beast (4)]
 10850 | D:7      | Slain by a sky beast

Illustrated notes

Levels and vault maps discovered:
D:1:      tarquinn_simple_flora_water_b, layout_rooms
D:2:      layout_loops_ring, grunt_ministairs_14, uniq_jessica
D:3:      layout_basic, hangedman_decor_clover_reticule, minivault_4,
          minivault_24, minmay_misc_feat_hallway
D:4:      layout_basic, serial_aquarium, aquarium_bridge_square
          [aquarium_subvault_wall, aquarium_subvault_bridge,
          aquarium_subvault_wall, aquarium_subvault_wall],
          aquarium_bridge_square [aquarium_subvault_balcony,
          aquarium_subvault_wall, aquarium_subvault_window,
          aquarium_subvault_bridge], aquarium_window_corridor_1,
          aquarium_window_fake, aquarium_view_2b, aquarium_view_2d,
          aquarium_balcony_1b, aquarium_pool_1
D:5:      lemuel_castle_with_subvaults [lemuel_castle_interior_carwin_2],
          layout_basic, ebering_ghost_reflecting_pool, serial_corexii_hall,
          chequers_hall_statues_y, chequers_hall_statues_wall_a,
          corexii_hall_statues_u, uniq_pikel
D:6:      layout_rooms, tso_oasis_becter, minmay_temple_entry_from_below_a,
          serial_shops, nicolae_shop_window_shopping
D:7:      layout_basic, serial_shops, shop, enter_bailey_3

Skill      XL: |  1  2  3  4  5  6  7  8  9 |
---------------+----------------------------+-----
Spellcasting   | 3 4 5 6 8 |  8.0
Transmutations | 2 |  2.0
Earth Magic    | 4 5 6 |  6.0
Conjurations   | 2 |  2.0
Fighting       | 6 9 |  9.5
Dodging        | |  1.7
Stealth        | |  1.4

Action                   |  1- 3 |  4- 6 |  7- 9 || total
-------------------------+-------+-------+-------++-------
Melee: Dagger            |    16 |    49 |     7 ||    72
       Flail             |       |       |    10 ||    10
 Cast: Sandblast         |    28 |    53 |   120 ||   201
       Stone Arrow       |       |     4 |    52 ||    56
  Use: Potion            |       |       |     3 ||     3
 Stab: Sleeping          |       |     2 |       ||     2
Armor: Robe              |     6 |    22 |    23 ||    51
Dodge: Dodged            |     6 |    18 |    59 ||    83
